 Dungeon Crawl Stone Soup version 0.26-a0-660-gc07710193c (webtiles) character file.

Game seed: 14522843671429838102

2363 halkony2012 the Carver (level 9, -3/74 HPs)
             Began as a Minotaur Berserker on Oct 7, 2020.
             Was an Elder of Trog.
             Killed from afar by an orc (10 damage)
             ... with a bolt of acid
             ... on level 8 of the Dungeon.
             The game lasted 00:26:49 (7785 turns).

halkony2012 the Carver (Minotaur Berserker)         Turns: 7785, Time: 00:26:49

Health: -3/74      AC:  7    Str: 26    XL:     9   Next: 21%
Magic:  8/8        EV: 11    Int:  4    God:    Trog [****..]
Gold:   488        SH:  0    Dex:  9    Spells: 8/8 levels left

rFire    . . .     SeeInvis .   a - +0 falchion
rCold    . . .     Faith    +   (no shield)
rNeg     . . .     Spirit   .   j - +1 ring mail
rPois    +         Reflect  .   (helmet restricted)
rElec    .         Harm     .   (no cloak)
rCorr    .         Rampage  .   g - +0 pair of gloves
MR       ++...                  (no boots)
Stlth    ..........             q - amulet of faith
HPRegen  1.22/turn              d - ring of poison resistance
MPRegen  0.11/turn              (no ring)

@: mighty, regenerating
A: retaliatory headbutt, horns 2
a: Berserk, Trog's Hand, Brothers in Arms, Renounce Religion


You were on level 8 of the Dungeon.
You worshipped Trog.
Trog was greatly pleased with you.
You visited 1 branch of the dungeon, and saw 8 of its levels.

You collected 488 gold pieces.

Inventory:

Hand Weapons
 a - a +0 falchion (weapon)
 A - a +0 flail
 C - a +2 flail of draining
Armour
 b - a +0 animal skin
 g - a +0 pair of gloves (worn)
 j - a +1 ring mail (worn)
 p - a +2 leather armour of cold resistance
Jewellery
 d - a ring of poison resistance (left hand)
 e - an uncursed ring of fire {unknown}
 h - an uncursed ring of teleportation
 q - an amulet of faith (around neck)
 w - an uncursed ring of see invisible {unknown}
 y - a cursed -4 ring of strength {unknown}
Wands
 o - a wand of enslavement (8)
 r - a wand of iceblast (23)
 t - a wand of acid (8)
Scrolls
 c - 7 scrolls of identify
 f - 5 scrolls of remove curse
 k - 3 scrolls of teleportation
 n - 3 scrolls of brand weapon {unknown}
 v - a scroll of fog
Potions
 i - 3 potions of curing
 l - a potion of heal wounds {unknown}
 m - 3 potions of lignification
 s - a potion of cancellation {unknown}
 u - a potion of invisibility {unknown}
 x - a potion of mutation {unknown}
 z - a potion of haste {unknown}


   Skills:
 + Level 5.1 Fighting
 - Level 14.0 Long Blades
 - Level 2.8 Armour
 - Level 2.3 Dodging


You had 8 spell levels left.
You didn't know any spells.
Your spell library was empty.

Dungeon Overview and Level Annotations

Branches:
Dungeon (8/15)             Temple (0/1) D:4
   Lair: D:8-11

Altars:
Ashenzari
Dithmenos
Elyvilon
Fedhas
Gozag
Ru
Trog
Uskayaw
Vehumet
Wu Jian
Yredelemnul

Shops:
D:4 *   D:7 =

Annotations:
D:4 Pikel
D:5 2 transporters


Innate Abilities, Weirdness & Mutations

You reflexively headbutt those who attack you in melee.
You have a pair of horns on your head.


Message History

You barely miss the orc.
The orc zaps a wand.
The bolt of acid hits you!!
You are splashed with acid!
Your skin crawls.
You feel resistant to hostile enchantments.
The orc zaps a wand.
The bolt of acid misses you.
The orc priest calls down the wrath of Beogh upon you.
Beogh smites you!
* * * LOW HITPOINT WARNING * * *
Your ogre goes berserk!
The orc priest invokes the aid of Beogh against you.
Beogh smites you!
* * * LOW HITPOINT WARNING * * *
The orc hits you but does no damage.
Okay, then.
Okay, then.
It was a potion of might.
You feel very mighty all of a sudden.
Your ogre rages.
The orc zaps a wand.
The bolt of acid hits you!
You die...

##########.#
#####..........###
#...........†.....
#.###(###########.
#.# #.# ## #.# #.#
. #.# #.# #O# ...
#@# ### #o# ###


oo. #.. ##.#. ##.# #.# #.### .... #.# #.# .#.# #.# ... #.# .## ##.## # .# You
could see an orc priest, 2 orcs and a friendly ogre (summoned, berserk).

Vanquished Creatures
  An orc warrior (D:6)
  2 sky beasts (D:6)
  An ogre (D:4)
  2 black bears
  3 centaurs
  A big kobold (D:7)
  A bullfrog (D:7)
  3 scorpions
  3 killer bees (D:8)
  A centaur zombie (D:7)
  A bullfrog zombie (D:6)
  5 jellies
  A gnoll shaman (D:7)
  4 orc priests
  Ijyb (D:3)
  6 orc wizards
  5 worker ants
  A killer bee zombie (D:7)
  2 hound skeletons
  A howler monkey zombie (D:5)
  3 worker ant zombies
  5 gnolls
  14 adders
  6 shadow imps
  A white imp (D:5)
  4 ufetubi
  An ooze (D:1)
  An adder skeleton (D:5)
  5 worms
  A dart slug (D:1)
  2 leopard geckos
  27 orcs
  5 giant cockroaches
  10 goblins
  3 hobgoblins
  7 jackals
  16 kobolds
  5 quokkas
  7 bats
  6 frilled lizards
  A leopard gecko zombie (D:5)
  A quokka skeleton (D:4)
  9 rats
185 creatures vanquished.

Notes
Turn   | Place    | Note
-------+----------+-------------------------------------------
     0 | D:1      | halkony2012 the Minotaur Berserker began the quest for the
                  | Orb.
     0 | D:1      | Reached XP level 1. HP: 19/19 MP: 0/0
   159 | D:1      | Reached XP level 2. HP: 26/27 MP: 1/1
   406 | D:1      | Reached skill level 4 in Long Blades
  1059 | D:1      | Reached XP level 3. HP: 33/33 MP: 2/2
  1390 | D:2      | Reached ** piety under Trog
  1511 | D:2      | Reached skill level 5 in Long Blades
  1528 | D:2      | Found a hide-covered altar of Uskayaw.
  1531 | D:2      | Reached XP level 4. HP: 33/40 MP: 3/3
  1701 | D:2      | Found a shadowy altar of Dithmenos.
  2113 | D:2      | Reached skill level 6 in Long Blades
  2558 | D:3      | Reached XP level 5. HP: 19/46 MP: 4/4
  3069 | D:3      | Reached skill level 7 in Long Blades
  3154 | D:3      | Noticed Ijyb
  3169 | D:3      | Killed Ijyb
  3734 | D:4      | Reached XP level 6. HP: 48/52 MP: 5/5
  3754 | D:4      | Noticed Pikel
  3873 | D:4      | Reached *** piety under Trog
  3873 | D:4      | Reached skill level 8 in Long Blades
  3943 | D:4      | Found a staircase to the Ecumenical Temple.
  4252 | D:4      | Found a broken altar of Ashenzari.
  4257 | D:4      | Reached skill level 9 in Long Blades
  4373 | D:4      | Found an opulent altar of Gozag.
  4377 | D:4      | Found Gozag's Platinum Reserve.
  4413 | D:4      | Reached XP level 7. HP: 55/59 MP: 6/6
  4582 | D:5      | Entered Level 5 of the Dungeon
  4744 | D:5      | Found a transporter.
  4881 | D:5      | Found a sacrificial altar of Ru.
  4883 | D:5      | Found a radiant altar of Vehumet.
  4885 | D:5      | Found a white marble altar of Elyvilon.
  4887 | D:5      | Found an ornate altar of the Wu Jian Council.
  4887 | D:5      | Found a basalt altar of Yredelemnul.
  4888 | D:5      | Found a blossoming altar of Fedhas.
  4944 | D:5      | Found a shadowy altar of Dithmenos.
  5019 | D:4      | Reached skill level 10 in Long Blades
  5219 | D:5      | Found a transporter.
  5668 | D:6      | Reached skill level 11 in Long Blades
  5759 | D:6      | Reached XP level 8. HP: 61/66 MP: 7/7
  6289 | D:7      | Reached skill level 12 in Long Blades
  6617 | D:7      | Reached skill level 13 in Long Blades
  6622 | D:7      | Reached **** piety under Trog
  6737 | D:7      | Found Foutuc's Jewellery Shoppe.
  6777 | D:7      | Found a bloodstained altar of Trog.
  7214 | D:7      | Reached XP level 9. HP: 71/71 MP: 8/8
  7628 | D:8      | Reached skill level 14 in Long Blades
  7673 | D:8      | Identified the cursed +0 robe "Ture" {Harm Rampage +Inv
                  | Str-5}
  7770 | D:8      | Reached skill level 5 in Fighting
  7785 | D:8      | Killed from afar by an orc

Illustrated notes

Levels and vault maps discovered:
D:1:      lightli_molten_gateway, layout_loops_corners
D:2:      layout_basic, overflow_temple_1_default,
          grunt_dithmenos_smoke_and_mirrors
D:3:      layout_basic, uniq_ijyb
D:4:      layout_loops_ring, marbit_many_paths,
          minmay_temple_entry_statues_pillars, nicolae_gozag_zags_fifth_avenue,
          uniq_pikel
D:5:      gammafunk_wand_slinger, layout_cave_pools, grunt_temple_overflow_open,
          minmay_ruined_shrine
D:6:      layout_cave_pools
D:7:      layout_loops_cross, lemuel_doored_altar, serial_shops, shop
D:8:      layout_loops_ring, kennysheep_mini

Skill      XL: |  1  2  3  4  5  6  7  8  9 |
---------------+----------------------------+-----
Fighting       | 4 5 |  5.1
Long Blades    | 4 5 6 7 9 11 13 14 | 14.0
Armour         | |  2.8
Dodging        | |  2.3

Action                   |  1- 3 |  4- 6 |  7- 9 || total
-------------------------+-------+-------+-------++-------
Melee: Falchion          |    70 |   150 |   272 ||   492
       Headbutt          |     6 |    27 |    55 ||    88
Invok: Trog's Hand       |     1 |     3 |     7 ||    11
       Berserk           |     1 |     4 |     8 ||    13
       Brothers in Arms  |       |       |     1 ||     1
  Use: Scroll            |       |     5 |     5 ||    10
       Potion            |       |     1 |     1 ||     2
 Stab: Sleeping          |     1 |       |       ||     1
Armor: Animal skin       |     4 |       |       ||     4
       Ring mail         |    22 |    43 |    91 ||   156
Dodge: Dodged            |    56 |    62 |   143 ||   261
       Rpst.: Falchion   |    15 |    19 |    26 ||    60

Table legend: (Time is in decaauts)
 A = Elapsed time spent in this place.
 B = Non-inter-level travel time spent in this place.
 C = Inter-level travel time spent in this place.
 D = Time resting spent in this place.
 E = Time spent auto-exploring this place.
 F = Levels seen in this place.
 G = Mean time per level.
                   A        B        C        D        E       F      G
               +--------+--------+--------+--------+--------+-----+--------+
         Total |   7847 |   7541 |    306 |    936 |   5386 |   8 |  980.9 |
       Dungeon |   7847 |   7541 |    306 |    936 |   5386 |   8 |  980.9 |
               +--------+--------+--------+--------+--------+-----+--------+

Top non-repeatable levels by time:
     D:1: 1371 daAuts
     D:3: 1286 daAuts
     D:2: 1189 daAuts
     D:4: 1096 daAuts
     D:7: 916 daAuts
     D:6: 821 daAuts
     D:5: 618 daAuts
     D:8: 548 daAuts
